cohdb
Replays
Latest Replays
All Replays
Popular Replays
Top Player Replays
Match Explorer
How It Works
Community
CoH3 Stats
Reddit
Sign in to upload your games and track your stats! →
Sign in with Steam
Match 32863147
Unlisted
Match 32863147
Overview
Messages
Build Orders
End
Construct Section Command Post
Infantry Section
Selects Air and Sea Battlegroup
Infantry Section
Infantry Section
Infantry Section
Grenade Package
Selects Supply Surplus
ML 3-inch Mortar Team
Construct Platoon Command Post
6-pounder Anti-tank Gun Team
Selects Commando Section Paradrop
Construct Company Command Post
Selects M1 Pack Howitzer Paradrop
M1 Pack Howitzer Paradrop
Epicdeath
BIOHAZARD
Enfelon
Sauzer88
PayPerPaper
MadChemist
saruman
WoW
0
0
Comments
sign in to comment!
No comments posted yet!